 Dungeon Crawl Stone Soup version 0.22-a0-601-gb0ed703 (webtiles) character file.

32 Lianjan the Firebug (level 3, 0/19 HPs)
             Began as a Deep Elf Fire Elementalist on July 7, 2018.
             Slain by an orc
             ... wielding a cursed -2 whip
              (4 damage)
             ... on level 1 of the Dungeon.
             The game lasted 00:02:24 (1049 turns).

Lianjan the Firebug (Deep Elf Fire Elementalist)    Turns: 1049, Time: 00:02:24

Health: 0/19       AC:  2    Str:  6    XL:     3   Next: 10%
Magic:  3/9        EV: 13    Int: 19    God:
Gold:   91         SH:  0    Dex: 15    Spells: 7/8 levels left

rFire    . . .     SeeInvis .   (no weapon)
rCold    . . .     Gourm    .   (no shield)
rNeg     . . .     Faith    .   a - +0 robe
rPois    .         Spirit   .   (no helmet)
rElec    .         Reflect  .   (no cloak)
rCorr    .         Harm     .   (no gloves)
MR       .....                  (no boots)
Stlth    ++........             (no amulet)
HPRegen  0.06/turn              (no ring)
MPRegen  0.11/turn              (no ring)

@: no status effects
A: no striking features
a: no special abilities


You were on level 1 of the Dungeon.
You were not hungry.

You visited 1 branch of the dungeon, and saw 2 of its levels.

You collected 91 gold pieces.

Inventory:

Missiles
 b - 80 stones (quivered)
Armour
 a - a +0 robe (worn)
Scrolls
 d - a scroll of fog {unknown}
 e - a scroll of remove curse {unknown}
 h - a scroll of enchant armour {unknown}
 i - a scroll of enchant weapon {unknown}
Potions
 g - a potion of invisibility {unknown}
Comestibles
 c - 3 rations


   Skills:
 - Level 2.4 Dodging
 - Level 2.4 Stealth
 + Level 3.4 Spellcasting
 * Level 2.2 Conjurations
 * Level 3.9 Fire Magic


You had 7 spell levels left.
You knew the following spells:

 Your Spells              Type           Power        Failure   Level  Hunger
a - Flame Tongue          Conj/Fire      ###..        4%          1    None

Your spell library contained the following spells:

 Spells                   Type           Power        Failure   Level  Hunger
 Fireball                 Conj/Fire      ###.......   75%         5    ######.
 Conjure Flame            Conj/Fire      ###.....     12%         3    ###....
 Throw Flame              Conj/Fire      ###...       6%          2    ##.....
 Sticky Flame             Conj/Fire      ###.....     38%         4    ####...
 Inner Flame              Hex/Fire       ##......     19%         3    ###....


Dungeon Overview and Level Annotations

Branches:
Dungeon (2/15)

Altars:
Okawaru


Message History

There is a stone staircase leading down here.
Casting: Flame Tongue (safe; 4% risk of failure)
Confirm with . or Enter, or press ? or * to list all spells.
Aiming: Flame Tongue (safe; 4% risk of failure)
Press: ? - help, Shift-Dir - straight line, f - orc
Aim: an orc (almost dead)
The flame tongue hits the orc.
You kill the orc!
The orc hits you with a whip.
* * * LOW HITPOINT WARNING * * *
Things that are here:
a club; an orc corpse
Casting: Flame Tongue (safe; 4% risk of failure)
Confirm with . or Enter, or press ? or * to list all spells.
Aiming: Flame Tongue (safe; 4% risk of failure)
Press: ? - help, Shift-Dir - straight line, f - orc
Aim: an orc, wielding a whip and wearing a scale mail The flame tongue hits the orc.
The orc appears unharmed.
The orc hits you with a whip.
You die...

#####.# #.#
############## #.#
#............#
#####.#####.##########.#
............# #.#
.#.##.############
#.########
............>)...#
#........#
##.##.##########.##
########.# ......# #.@.#
#.# ##.#### ###o#.###
#.# ### #...#...#######
#.# #.#####.......# #.#
#...#...#####.# #.#
##..#.### #.# #.###
#....# #.# #.... #####
#.#.## #.# ##### ##...##
#.#.# #.#


You could see an orc.

Vanquished Creatures
  A dart slug (D:1)
  An orc (D:1)
  6 bats (D:1)
  2 giant cockroaches
  5 goblins
  4 hobgoblins
  2 kobolds (D:2)
  4 frilled lizards (D:1)
  A rat (D:2)
26 creatures vanquished.

Notes
Turn   | Place    | Note
-------+----------+-------------------------------------------
     0 | D:1      | Lianjan the Deep Elf Fire Elementalist began the quest for the Orb.
     0 | D:1      | Reached XP level 1. HP: 10/10 MP: 6/6
   116 | D:1      | Reached XP level 2. HP: 3/15 MP: 0/8
   491 | D:1      | Found an iron altar of Okawaru.
   991 | D:2      | Reached XP level 3. HP: 17/19 MP: 4/9
  1049 | D:1      | Slain by an orc

Vault maps used:
D:1:      dpeg_arrival_solitude, okawaru_ov_weapons_minmay
D:2:      fedhas_altar_2

Skill      XL: |  1  2 |
---------------+-------+-----
Conjurations   | 2 |  2.2
Dodging        | |  2.4
Stealth        | |  2.4
Spellcasting   | |  3.4
Fire Magic     | |  3.9

Action                   || total
-------------------------++-------
Melee: Unarmed           ||     5
 Cast: Flame Tongue      ||    51
Armor: Robe              ||     4
Dodge: Dodged            ||    17

Table legend:
 A = Spawn XP
 B = Non-spawn XP
 C = Spawn XP percentage of total XP
 D = Spawn monster count
 E = Non-spawn monster count
 F = Spawn count percentage of total count
 G = Total turns spent on level
                    A         B        C        D         E        F      G
               +---------+---------+-------+---------+---------+-------+---------
         Total |       0 |      47 |   0.0 |       0 |      26 |   0.0 |  1049
               +---------+---------+-------+---------+---------+-------+---------
           D:1 |       0 |      36 |   0.0 |       0 |      20 |   0.0 |  1006
           D:2 |       0 |      11 |   0.0 |       0 |       6 |   0.0 |    43
               +---------+---------+-------+---------+---------+-------+---------
